 Dungeon Crawl Stone Soup version 0.30.2 (webtiles) character file.

Game seed: 5546624942202336527

25529 porpoise the Marksminotaur (level 12, -1/99 HPs)
             Began as a Minotaur Hunter on Feb 29, 2024.
             Was an Elder of Hepliaklqana.
             Slain by a reaper
             ... wielding a +0 scythe of freezing
              (7 damage)
             ... in an ice cave on Mar 1, 2024.
             The game lasted 00:57:15 (14761 turns).

porpoise the Marksminotaur (Minotaur Hunter)       Turns: 14761, Time: 00:57:24

Health: -1/99      AC: 16    Str: 17    XL:     12   Next: 90%
Magic:  17/17      EV: 14    Int:  6    God:    Hepliaklqana [****..]
Gold:   1034       SH:  5    Dex: 18    Spells: 11/11 levels left

rFire   x . .        b - +0 arbalest
rCold   + . .        (shield currently unavailable)
rNeg    . . .        O - +2 scale mail {rPois}
rPois   +            i - +0 hat
rElec   +            (no cloak)
rCorr   .            (no gloves)
SInv    .            P - +1 pair of boots {Fly}
Will    .....        f - amulet "Ecvimacs" {Reflect rElec SH+5} Stlth
                     k - +4 ring of protection
HPRegen 0.36/turn    R - ring of ice
MPRegen 0.15/turn

%: reflection
@: flying
A: reduced essence, horns 2, retaliatory headbutt
a: Renounce Religion, Recall Ancestor, Ancestor Identity, Transference, Idealise


You were in an ice cave.
You worshipped Hepliaklqana.
Hepliaklqana was greatly pleased with you.
You visited 3 branches of the dungeon, and saw 13 of its levels.
You also visited: Sewer, Ossuary, Bailey and Ice Cave.

You collected 1426 gold pieces.
You spent 392 gold pieces at shops.

Inventory:

Hand Weapons
 a - a +1 shortbow of flaming
 b - a +0 arbalest (weapon)
Armour
 e - the +4 skin of Zhor {*Englaciate rC+++ SInv}
   (You found it in an ice cave)

   *Englaciate: It radiates cold, occasionally slowing all nearby creatures who
   are not resistant to cold.
   rC:        It renders you almost immune to cold.
   SInv:      It lets you see invisible.
 i - a +0 hat (worn)
 O - a +2 scale mail of poison resistance (worn)
 P - a +1 pair of boots of flying (worn)
Jewellery
 f - the amulet "Ecvimacs" (around neck) {Reflect rElec SH+5}
   (You found it on level 7 of the Dungeon)

   [amulet of reflection]

   It reflects blocked missile attacks.
   rElec:     It insulates you from electricity.
   SH:        It affects your SH (+5).
 k - a +4 ring of protection (left hand)
 r - a ring of resist corrosion
 H - a +6 ring of dexterity
 R - a ring of ice (right hand)
Wands
 v - a wand of paralysis (7)
 y - a wand of flame (41)
 J - a wand of mindburst (6)
 U - a wand of polymorph (8)
 Z - a wand of iceblast (11)
Scrolls
 h - a scroll of enchant weapon
 m - 8 scrolls of vulnerability
 t - 18 scrolls of teleportation
 E - a scroll of fog
 K - 3 scrolls of blinking
 L - a scroll of identify
 T - 3 scrolls of poison
 W - 2 scrolls of fear
Potions
 c - a potion of brilliance
 d - a potion of magic
 g - 4 potions of haste
 n - 10 potions of curing
 o - 7 potions of heal wounds
 p - 2 potions of attraction
 q - 3 potions of might
 B - a potion of cancellation
 M - a potion of ambrosia
 V - 2 potions of lignification
Miscellaneous
 j - a phial of floods
 S - a piece from Xom's chessboard (15/15)


   Skills:
 + Level 11.3 Fighting
 - Level 16.0 Ranged Weapons
 + Level 9.1 Armour
 - Level 7.8 Dodging
 - Level 0.7 Stealth
 + Level 8.4 Invocations
 - Level 5.0 Evocations


You had 11 spell levels left.
You didn't know any spells.
Your spell library contained the following spells:

 Spells                   Type           Power      Damage    Failure   Level
 Apportation              Tloc           0%         N/A       80%         1
 Kiss of Death            Conj/Necr      0%         2d5       80%         1
 Magic Dart               Conj           0%         1d3       80%         1
 Shock                    Conj/Air       0%         1d3       80%         1
 Summon Small Mammal      Summ           0%         N/A       80%         1
 Searing Ray              Conj           0%         2d4       91%         2
 Static Discharge         Conj/Air       0%         2-2/arc   91%         2
 Call Canine Familiar     Summ           0%         N/A       99%         3
 Confusing Touch          Hex            0%         N/A       99%         3
 Frozen Ramparts          Ice            0%         1d1       99%         3
 Hailstorm                Conj/Ice       0%         3d3       99%         3
 Summon Guardian Golem    Hex/Summ       0%         N/A       99%         3
 Swiftness                Air            0%         N/A       99%         3
 Airstrike                Air            0%         2d(0-16)  100%        4
 Dispel Undead            Necr           0%         3d6       100%        4
 Fulminant Prism          Conj/Hex       0%         3d5       100%        4
 Ice Form                 Ice/Tmut       0%         N/A       100%        4
 Summon Ice Beast         Ice/Summ       0%         N/A       100%        4
 Summon Lightning Spire   Summ/Air       0%         N/A       100%        4
 Alistair's Intoxication  Tmut/Pois      0%         N/A       100%        5
 Summon Forest            Summ/Tloc      0%         N/A       100%        5
 Summon Mana Viper        Hex/Summ       0%         N/A       100%        5
 Simulacrum               Ice/Necr       0%         N/A       100%        6
 Summon Cactus Giant      Summ           0%         N/A       100%        6


Dungeon Overview and Level Annotations

Branches:
Dungeon (10/15)            Temple (1/1) D:4            Lair (2/5) D:8
 Spider (0/4) Lair:2          Orc (0/2) D:10          Sewer (visited)
Ossuary (visited)          Bailey (visited)           IceCv (1/1)
  Swamp: Lair:2-3    Shoals: Lair:2-3

Altars:
Ashenzari
Cheibriados
Dithmenos
Elyvilon
Fedhas
Gozag
Hepliaklqana
Kikubaaqudgha
Makhleb
Nemelex Xobeh
Okawaru
Qazlal
Ru
Sif Muna
Trog
Uskayaw
Vehumet
Wu Jian
Xom
Yredelemnul
Zin
The Shining One

Shops:
D:2 *   D:5 *   D:8 ?

Annotations:
D:7 1 transporter, rundlesten's ghost, novice OpHW
D:10 3 runed translucent doors, PaiMei's ghost, journeyman DsNe


Innate Abilities, Weirdness & Mutations

Your life essence is reduced to manifest your ancestor. (-10% HP)
You have a pair of horns on your head.
You reflexively headbutt those who attack you in melee.


Message History

You shoot an arrow. Nikki avoids your attack.
The arrow hits the polar bear simulacrum.
The arrow melts the polar bear simulacrum.
The polar bear simulacrum vaporises!
You shoot an arrow. Nikki avoids your attack.
The arrow barely misses the anaconda simulacrum.
The anaconda simulacrum closely misses Nikki.
Nikki hits the anaconda simulacrum with a +0 flail.
You shoot an arrow. Nikki avoids your attack.
The arrow hits the anaconda simulacrum!
The arrow melts the anaconda simulacrum.
The anaconda simulacrum is heavily damaged.
The anaconda simulacrum closely misses Nikki.
The anaconda simulacrum bites Nikki but does no damage.
You shoot an arrow. Nikki avoids your attack.
The arrow hits the anaconda simulacrum.
The arrow melts the anaconda simulacrum.
The anaconda simulacrum is severely damaged.
The anaconda simulacrum bites Nikki.
The anaconda simulacrum freezes Nikki!
Nikki resists.
Nikki hits the anaconda simulacrum with a +0 flail!
You shoot an arrow. Nikki avoids your attack.
The arrow hits the anaconda simulacrum!
The arrow melts the anaconda simulacrum.
The anaconda simulacrum vaporises!
You shoot an arrow. Nikki avoids your attack.
The arrow barely misses the reaper.
Nikki closely misses the reaper.
The reaper hits you from afar with a +0 scythe of freezing!
You shoot an arrow. Nikki avoids your attack.
The arrow hits the reaper but does no damage.
The reaper is engulfed in freezing vapours.
The reaper hits you from afar with a +0 scythe of freezing!!!
The reaper freezes you!
Nikki hits the reaper with a +0 flail!
Your +1 shortbow of flaming stops flaming.
b - a +0 arbalest (weapon)
The reaper is engulfed in freezing vapours.
The reaper hits you from afar with a +0 scythe of freezing!!!
* * * LOW HITPOINT WARNING * * *
The reaper freezes you!
You die...

##.#.##
#....#
##.#.#
###.##
##.#
##.#
#..#
#.##
#@##
##R#
#2# .Z#
Z.##
.Z.
Z..#
.2Z.
##..#


You could see the friendly Nikki the knight, a reaper and an elephant simulacrum
(ally target).

Vanquished Creatures
  Fannar (D:10)
  2 two-headed ogres
  An orc knight (Bailey)
  A black mamba (Lair:1)
  2 cane toads (Lair:2)
  An ice statue (IceCv)
  A rime drake (Lair:1)
  Psyche (D:10)
  A komodo dragon (Lair:2)
  An anaconda simulacrum (IceCv)
  An ice devil (Lair:2)
  A polar bear (Lair:1)
  10 blink frogs
  Sigmund (D:5)
  A wraith (D:9)
  14 yaks
  A death yak simulacrum (IceCv)
  A steam dragon (D:8)
  2 wargs (D:8)
  A hydra simulacrum (IceCv)
  4 water moccasins
  7 orc warriors
  2 ice beasts
  2 sky beasts
  Pargi (Sewer)
  3 ogres
  3 wolves (Lair:1)
  3 centaurs
  4 phantoms
  Blork the orc (D:5)
  2 kobold brigands (D:10)
  7 bullfrogs
  2 two-headed ogre simulacra (IceCv)
  A cane toad simulacrum (IceCv)
  2 scorpions
  14 wights
  4 killer bees (D:9)
  A howler monkey (D:10)
  3 centaur zombies (Ossuary)
  A jelly (D:6)
  A hound (D:4)
  7 orc priests
  A gnoll bouda (D:4)
  12 orc wizards
  3 iguanas
  3 hell rats (Lair:2)
  2 troll simulacra (IceCv)
  4 spriggan simulacra (IceCv)
  A polar bear simulacrum (IceCv)
  3 ogre zombies (D:10)
  6 mummies (Ossuary)
  9 adders
  9 gnolls
  5 naga simulacra (IceCv)
  3 shadow imps
  7 white imps
  5 ufetubi
  4 adder zombies (Ossuary)
  3 worms
  4 dart slugs
  43 orcs
  6 endoplasms
  6 giant cockroaches
  9 goblins
  12 hobgoblins
  13 jackals
  10 quokkas
  13 ball pythons
  4 bats (D:1)
  14 frilled lizards
  A goblin skeleton (D:10)
  4 goblin zombies
  A hobgoblin skeleton (D:10)
  5 hobgoblin zombies
  31 kobolds
  4 kobold zombies (Ossuary)
  2 orc skeletons (D:10)
  10 orc zombies (D:10)
  A quokka zombie (Ossuary)
  9 rats
  2 rat zombies (Ossuary)
404 creatures vanquished.

Vanquished Creatures (collateral kills)
  3 death yaks (Lair:2)
  A wizard (D:9)
  A gargoyle (D:10)
  A komodo dragon (Lair:2)
  A freezing wraith (IceCv)
  An ice devil (Lair:2)
  A troll (D:10)
  A blink frog (Lair:2)
  A dire elephant simulacrum (IceCv)
  A shadow (D:10)
  2 yaks (Lair:2)
  A wyvern (Lair:1)
  A steam dragon (D:8)
  A redback (Lair:2)
  A warg (D:8)
  A death yak simulacrum (IceCv)
  2 water moccasins
  An orc warrior (D:9)
  A wolf (Lair:1)
  A kobold brigand (D:9)
  A bullfrog (Lair:2)
  A two-headed ogre simulacrum (IceCv)
  A cane toad simulacrum (IceCv)
  4 wights (D:8)
  A killer bee (D:9)
  An elephant simulacrum (IceCv)
  A centaur zombie (Ossuary)
  An orc priest (D:8)
  An orc wizard (D:7)
  A hell rat (Lair:2)
  A wolf simulacrum (IceCv)
  4 ogre zombies
  A mummy (Ossuary)
  An adder (D:6)
  A white imp (IceCv)
  3 ufetubi (IceCv)
  2 adder zombies (Ossuary)
  5 orcs
  2 goblins (Bailey)
  A hobgoblin (Bailey)
  4 goblin zombies
  A kobold (Bailey)
  3 kobold zombies (Ossuary)
  A quokka zombie (Ossuary)
67 creatures vanquished.

Vanquished Creatures (others)
  An orc wizard (D:5)
  5 knights
6 creatures vanquished.

Grand Total: 477 creatures vanquished

Notes
Turn   | Place    | Note
-------+----------+-------------------------------------------
     0 | D:1      | porpoise the Minotaur Hunter began the quest for the Orb.
     0 | D:1      | Reached XP level 1. HP: 18/18 MP: 0/0
   100 | D:1      | Reached XP level 2. HP: 25/25 MP: 1/1
   195 | D:1      | Reached skill level 5 in Ranged Weapons
   549 | D:1      | Reached XP level 3. HP: 31/31 MP: 2/2
  1167 | D:2      | Found Iseargh's Assorted Antiques.
  1197 | D:2      | Bought an inky potion for 18 gold pieces
  1197 | D:2      | Bought a scroll labelled ZEBERUTETTYUMM for 21 gold pieces
  1197 | D:2      | Bought a scroll labelled UXZANGO SURIPS for 21 gold pieces
  1197 | D:2      | Bought a scroll labelled NOMEPE KUCZOHI for 21 gold pieces
  1295 | D:2      | Reached XP level 4. HP: 38/38 MP: 3/3
  1863 | D:3      | Reached skill level 6 in Ranged Weapons
  1980 | D:3      | Found a glowing drain.
  2008 | Sewer    | Entered a sewer
  2013 | Sewer    | Reached XP level 5. HP: 46/46 MP: 4/4
  2027 | Sewer    | Noticed Pargi
  2033 | Sewer    | Killed Pargi
  2408 | D:3      | Found an ornate altar of the Wu Jian Council.
  2510 | D:3      | Reached skill level 7 in Ranged Weapons
  2565 | D:3      | Reached XP level 6. HP: 55/55 MP: 5/5
  2713 | D:3      | Found a shimmering blue altar of Sif Muna.
  2724 | D:3      | Reached skill level 5 in Fighting
  2825 | D:3      | Found an opulent altar of Gozag.
  3283 | D:4      | Found a hide-covered altar of Uskayaw.
  3390 | D:4      | Found a staircase to the Ecumenical Temple.
  3430 | Temple   | Entered the Ecumenical Temple
  3441 | Temple   | Became a worshipper of Hepliaklqana the Forgotten
  3472 | D:4      | Found a stormy altar of Qazlal.
  3666 | D:4      | Reached skill level 8 in Ranged Weapons
  3666 | D:4      | Reached XP level 7. HP: 62/62 MP: 6/6
  4127 | D:5      | Entered Level 5 of the Dungeon
  4166 | D:5      | Noticed Sigmund
  4191 | D:5      | Killed Sigmund
  4192 | D:5      | Reached skill level 9 in Ranged Weapons
  4401 | D:5      | Found a sacrificial altar of Ru.
  4450 | D:5      | Found an iron altar of Okawaru.
  4466 | D:5      | Identified the +3 falchion of Doom {heavy, rPois rCorr
                  | Stlth-}
  4518 | D:5      | Found a radiant altar of Vehumet.
  4660 | D:5      | Found Zin's Purification Station.
  4662 | D:5      | Found a glowing silver altar of Zin.
  4806 | D:5      | Noticed Blork the orc
  4813 | D:5      | Killed Blork the orc
  4814 | D:5      | Reached XP level 8. HP: 38/68 MP: 7/7
  4947 | D:5      | Found a glowing golden altar of the Shining One.
  5266 | D:6      | Reached skill level 10 in Ranged Weapons
  5538 | D:5      | Reached skill level 11 in Ranged Weapons
  6019 | D:6      | Reached XP level 9. HP: 67/82 MP: 8/8
  6242 | D:6      | Reached * piety under Hepliaklqana
  6566 | D:6      | Found a bloodstained altar of Trog.
  6663 | D:7      | Found a transporter.
  6664 | D:7      | Noticed rundlesten's ghost (novice OpHW)
  6666 | D:7      | Noticed a two-headed ogre
  6694 | D:7      | Found a sand-covered staircase.
  6700 | Ossuary  | Entered an ossuary
  6876 | Ossuary  | Reached skill level 12 in Ranged Weapons
  7393 | D:7      | Identified the amulet "Ecvimacs" {Reflect rElec SH+5}
  7910 | D:8      | Reached ** piety under Hepliaklqana
  7911 | D:8      | Remembered your ancestor Nikki as a knight
  8148 | D:8      | Found a staircase to the Lair.
  8153 | D:8      | Reached skill level 13 in Ranged Weapons
  8530 | D:8      | Reached skill level 5 in Dodging
  8558 | D:8      | Reached skill level 14 in Ranged Weapons
  8558 | D:8      | Reached XP level 10. HP: 81/81 MP: 8/13
  8605 | D:8      | Identified a scroll of acquirement
  8623 | D:8      | Reached XP level 11. HP: 81/86 MP: 14/14
  8781 | D:2      | Bought a forked silver wand for 84 gold pieces
  8781 | D:2      | Bought a potion of curing for 63 gold pieces
  8913 | D:9      | Noticed a two-headed ogre
  8919 | D:9      | Killed a two-headed ogre
  8920 | D:9      | Reached skill level 1 in Armour
  9302 | D:8      | Found Ucobigg's Magic Scroll Shoppe.
  9306 | D:8      | Bought a scroll of blinking for 82 gold pieces
  9306 | D:8      | Bought a scroll of blinking for 82 gold pieces
  9421 | D:9      | Reached *** piety under Hepliaklqana
  9479 | D:9      | Found a flagged portal.
  9502 | Bailey   | Entered a bailey
  9642 | Bailey   | Noticed an orc knight
  9654 | Bailey   | Killed an orc knight
 10047 | D:9      | Found a white marble altar of Elyvilon.
 10114 | D:9      | Reached skill level 15 in Ranged Weapons
 10496 | D:9      | Noticed a wizard
 10509 | D:9      | Killed a wizard
 10510 | D:9      | Reached skill level 5 in Armour
 10594 | D:9      | Acquired 680 gold pieces
 10656 | D:10     | Entered Level 10 of the Dungeon
 10829 | D:10     | Noticed Psyche
 10836 | D:10     | Killed Psyche
 10938 | D:10     | Found a staircase to the Orcish Mines.
 11061 | D:10     | Noticed Fannar
 11087 | D:10     | Killed Fannar
 11232 | D:10     | Found a runed translucent gate.
 11232 | D:10     | Found a runed translucent gate.
 11232 | D:10     | Found a runed translucent gate.
 11349 | D:10     | Found a sparkling altar of Nemelex Xobeh.
 11387 | D:10     | Reached skill level 16 in Ranged Weapons
 11484 | D:10     | Found an ancient bone altar of Kikubaaqudgha.
 11484 | D:10     | Noticed a two-headed ogre
 11499 | D:10     | Killed a two-headed ogre
 11500 | D:10     | Reached XP level 12. HP: 75/93 MP: 16/16
 11859 | D:10     | Noticed PaiMei's ghost (journeyman DsNe)
 11892 | Lair:1   | Entered Level 1 of the Lair of Beasts
 12517 | Lair:1   | Reached skill level 5 in Evocations
 12618 | Lair:1   | Reached **** piety under Hepliaklqana
 13142 | Lair:2   | Reached skill level 10 in Fighting
 13427 | Lair:2   | Found a hole to the Spider Nest.
 13478 | Lair:2   | Noticed a death yak
 13480 | Lair:2   | Noticed a death yak
 13480 | Lair:2   | Noticed a death yak
 13486 | Lair:2   | Killed a death yak
 13500 | Lair:2   | Killed a death yak
 13510 | Lair:2   | Killed a death yak
 13668 | Lair:2   | Found a frozen archway.
 13679 | IceCv    | Entered an ice cave
 13864 | IceCv    | Found the +4 skin of Zhor {*Englaciate rC+++ SInv}
 14746 | IceCv    | Noticed a reaper
 14761 | IceCv    | Slain by a reaper

Illustrated notes

Levels and vault maps discovered:
D:1:      sevenhm_arrival_forest_fort_large_4, layout_basic,
          minmay_misc_feat_room, minmay_pentomino_q4
D:2:      layout_basic, serial_shops, shop, minmay_cut_off
D:3:      layout_loops_corners, lemuel_coloured_pillars_altar,
          grunt_gozag_breadcrumbs, kennysheep_orc_sif_temple,
          portal_sewer_entry_e, minmay_quantized
D:4:      layout_layer_cave, lemuel_round_altar, nicolae_uskayaw_dance_hall,
          temple_doors_e, fountainhead
D:5:      layout_basic, zin_purify, lemuel_tele_altar, tso_oasis_becter,
          mainiacjoe_overflow_24_doors, okawaru_ov_weapons_minmay, st_stairs_13,
          uniq_blork_the_orc, uniq_sigmund
D:6:      layout_loops_ring, trog_book
D:7:      lemuel_ice_spiral_2, layout_rooms, enter_ossuary_5,
          gammafunk_ghost_smash
D:8:      layout_gridville, erik_lair_orcish_takeover, serial_shops, shop
D:9:      layout_cave_pools, marbit_many_paths, enter_bailey_5,
          grunt_ministairs_14, minmay_librarian
D:10:     layout_loops_ring, nemelex_spade_bored_becter,
          mainiacjoe_overflow_chevrons, zombieorc1_lemuel,
          ebering_ghost_rock_garden, uniq_psyche, uniq_fannar
Temple:   hellmonk_temple_two_chambers
Lair:1:   layout_loops_ring, serial_bayou_shore_a
Lair:2:   layout_gridlike, spider_nest_entry_webs, portal_ice_cave_demonic_guard
IceCv:    ice_cave_caverns_03

Skill      XL: |  1  2  3  4  5  6  7  8  9 10 11 12 |
---------------+-------------------------------------+-----
Fighting       | 3 4 5 6 8 9 11 | 11.3
Ranged Weapons | 5 6 7 8 9 11 14 16 | 16.0
Dodging        | 6 7 |  7.8
Invocations    | 6 7 8 |  8.4
Evocations     | 3 4 5 |  5.0
Armour         | 6 9 |  9.1
Stealth        | |  0.7

Action                     |  1- 3 |  4- 6 |  7- 9 | 10-12 || total
---------------------------+-------+-------+-------+-------++-------
  Melee: Dagger            |     8 |       |       |       ||     8
         Headbutt          |     2 |     1 |     4 |       ||     7
         Whip              |     1 |     2 |    27 |       ||    30
   Fire: Shortbow          |    99 |   201 |   470 |   740 ||  1510
         Arbalest          |       |       |       |    18 ||    18
 Invoke: Recall Ancestor   |       |       |     1 |     1 ||     2
         Ancestor Life: Kn |       |       |     1 |       ||     1
         Ancestor Identity |       |       |     1 |       ||     1
         Idealise          |       |       |       |     1 ||     1
  Evoke: Wand              |       |       |       |     6 ||     6
    Use: Scroll            |       |    10 |    17 |     4 ||    31
         Potion            |       |       |     1 |     3 ||     4
 Armour: Leather armour    |    17 |    28 |    97 |    19 ||   161
         Ring mail         |       |     9 |       |       ||     9
         Scale mail        |       |       |       |    10 ||    10
  Dodge: Dodged            |    34 |    44 |    96 |    95 ||   269
  Block: Other             |       |       |    15 |    38 ||    53
         Reflection        |       |       |       |     8 ||     8
